 Dungeon Crawl Stone Soup version 0.28-a0-1567-g1695149f81 (webtiles) character file.

Game seed: 7275526066783567628

51 parzival7114810 the Skirmisher (level 3, 0/33 HPs)
             Began as a Hill Orc Fighter on Jan 19, 2022.
             Was an Initiate of Beogh.
             Succumbed to an adder's poison
             ... on level 2 of the Dungeon on Jan 20, 2022.
             The game lasted 00:03:47 (2304 turns).

parzival7114810 the Skirmisher (Hill Orc Fighter)   Turns: 2304, Time: 00:03:48

Health: 0/33       AC:  7    Str: 19 (20) XL:     3   Next: 81%
Magic:  3/3        EV:  9    Int:  6 (8)  God:    Beogh [......]
Gold:   104        SH:  4    Dex:  9 (10) Spells: 2/2 levels left

rFire   . . .      SeeInvis .   a - +0 war axe
rCold   . . .      Faith    .   c - +0 buckler
rNeg    . . .      Spirit   .   b - +0 scale mail
rPois   .          Reflect  .   (no helmet)
rElec   .          Harm     .   (no cloak)
rCorr   .          Rampage  .   (no gloves)
Will    .....                   (no boots)
Stlth   ..........              (no amulet)
HPRegen 0.11/turn               (no ring)
MPRegen 0.08/turn               (no ring)

@: brilliant, lethally poisoned (0 -> -5), on berserk cooldown, slowed, very
slow
A: no striking features
a: Renounce Religion


You were on level 2 of the Dungeon.
You worshipped Beogh.
Beogh was noncommittal.
You visited 1 branch of the dungeon, and saw 2 of its levels.

You collected 104 gold pieces.

Inventory:

Hand Weapons
 a - a +0 war axe (weapon)
Armour
 b - a +0 scale mail (worn)
 c - a +0 buckler (worn)
Potions
 d - a potion of might
 f - 2 potions of lignification


   Skills:
 + Level 4.0 Fighting
 + Level 3.5 Axes
 + Level 3.9 Armour
 + Level 0.4 Dodging
 + Level 3.6 Shields


You had 2 spell levels left.
You didn't know any spells.
Your spell library contained the following spells:

 Spells                   Type           Power      Damage    Failure   Level
 Blink                    Tloc           0%         N/A       96%         2
 Lesser Beckoning         Tloc           0%         N/A       99%         3
 Manifold Assault         Tloc           0%         N/A       100%        5


Dungeon Overview and Level Annotations

Branches:
Dungeon (2/15)

Altars:

Shops:
D:1 [


Message History

* * * LOW HITPOINT WARNING * * *
The adder bites you but does no damage.
You closely miss the adder.
The adder is moderately wounded.
You feel sick.
You are no longer poisoned.
The adder bites you but does no damage. You block the adder's attack.
The adder bites you but does no damage.
You hit the adder.
The adder is heavily wounded.
The adder barely misses you.
The adder bites you but does no damage. x2
You miss the adder.
The adder is heavily wounded.
The adder barely misses you. You block the adder's attack.
You closely miss the adder.
The adder is heavily wounded.
The adder bites you but does no damage. The adder bites you.
* * * LOW HITPOINT WARNING * * *
The adder bites you.
* * * LOW HITPOINT WARNING * * *
You are lethally poisoned!
The adder poisons you!
You feel more clever all of a sudden.
* * * LOW HITPOINT WARNING * * *
You feel sick.
The adder bites you but does no damage. x2
Really quaff the potion of lignification? [Y]es or [N]o only, please.
Really quaff the potion of lignification?
Okay, then.
Okay, then.
You aren't carrying any scrolls.
You aren't carrying any scrolls.
Really quaff the potion of lignification?
Okay, then.
Really quaff the potion of lignification?
Okay, then.
You slash the adder!
You kill the adder!
Beogh accepts your kill.
You die...

#############
#.#.#...#.#.#
##.#.....#.##
#.#..#.#..#.#
###
##..##.##..##
#..
#..##.÷.##..#
#.#
#.##..÷..##.#
#..
#.@##...##..#
#..
##†.##.##..##
#..
g#..###..#.#
#.. ##
#..#..#.## #..
#...#.#.# #..
##.###### #..
#.# #..
#.##########..
#.............


You could see a goblin.

Vanquished Creatures
  3 adders (D:2)
  A dart slug (D:1)
  An endoplasm (D:2)
  3 giant cockroaches
  3 goblins
  2 hobgoblins
  A kobold (D:2)
  A quokka (D:2)
  7 ball pythons
  6 bats
  A frilled lizard (D:2)
  A rat (D:2)
30 creatures vanquished.

Vanquished Creatures (others)
  A kobold (D:2)
  A rat (D:2)
  5 fungi (D:2)
  4 plants (D:2)
11 creatures vanquished.

Grand Total: 41 creatures vanquished

Notes
Turn   | Place    | Note
-------+----------+-------------------------------------------
     0 | D:1      | parzival7114810 the Hill Orc Fighter began the quest for
                  | the Orb.
     0 | D:1      | Reached XP level 1. HP: 19/19 MP: 1/1
   269 | D:1      | Reached XP level 2. HP: 27/27 MP: 2/2
   322 | D:1      | Found Xuongosuce's Armour Emporium.
   800 | D:2      | Became a worshipper of Beogh the Brigand
  1009 | D:2      | Found a faded altar of an unknown god.
  1096 | D:2      | Reached skill level 4 in Fighting
  1096 | D:2      | Reached XP level 3. HP: 6/33 MP: 3/3
  2304 | D:2      | Succumbed to an adder's poison

Illustrated notes

Levels and vault maps discovered:
D:1:      sevenhm_arrival_forest_fort_small_6, layout_rooms, serial_glass,
          glass_columns_a, glass_columns_a, serial_shops, shop,
          kennysheep_minor_cross
D:2:      minmay_diamond_boxcup, layout_loops_ring,
          dreamdust_ecumenical_altar_hidden_monk_grotto,
          kennysheep_generic_room_9

Skill      XL: |  1  2 |
---------------+-------+-----
Fighting       | 4 |  4.0
Axes           | 3 |  3.5
Armour         | |  3.9
Dodging        | |  0.4
Shields        | |  3.6

Action                   || total
-------------------------++-------
Melee: War axe           ||   106
Invok: Convert to Beogh  ||     1
  Use: Potion            ||     4
       Scroll            ||     1
Armor: Scale mail        ||   111
Dodge: Dodged            ||   117
Block: Buckler           ||    42

Table legend: (Time is in decaauts)
 A = Elapsed time spent in this place.
 B = Non-inter-level travel time spent in this place.
 C = Inter-level travel time spent in this place.
 D = Time resting spent in this place.
 E = Time spent auto-exploring this place.
 F = Levels seen in this place.
 G = Mean time per level.
                   A        B        C        D        E       F      G
               +--------+--------+--------+--------+--------+-----+--------+
         Total |   2355 |   2319 |     36 |    761 |   1137 |   2 | 1177.5 |
       Dungeon |   2355 |   2319 |     36 |    761 |   1137 |   2 | 1177.5 |
               +--------+--------+--------+--------+--------+-----+--------+

Top non-repeatable levels by time:
     D:2: 1659 daAuts
     D:1: 695 daAuts
